 Dungeon Crawl Stone Soup version 0.20.1-1-g8b1a95d (webtiles) character file.

125 slep the Poker (level 4, 0/32 HPs)
             Began as a Demonspawn Wanderer on Oct 22, 2017.
             Slain by Grinder (2 damage)
             ... on level 3 of the Dungeon.
             The game lasted 00:12:32 (1464 turns).

slep the Poker (Demonspawn Wanderer)                Turns: 1464, Time: 00:12:32

Health: 0/32       AC:  9    Str: 11    XL:     4   Next: 82%
Magic:  8/8        EV: 10    Int: 16    God:
Gold:   123        SH:  0    Dex: 12    Spells: 8/8 levels left

rFire    . . .     SeeInvis .   a - +2 spear
rCold    . . .     Gourm    .   (no shield)
rNeg     . . .     Faith    .   g - +0 ring mail
rPois    .         Spirit   .   (no helmet)
rElec    .         Reflect  .   h - scarf {repulsion}
rCorr    .         Harm     .   e - +0 pair of gloves
MR       .....                  (no boots)
Stlth    +.........             (no amulet)
Regen    0.1/turn               r - ring of flight
MPRegen  0.2/turn               (no ring)

@: repel missiles
A: yellow scales 2, spiny 1
a: Evoke Flight


You were on level 3 of the Dungeon.
You were not hungry.

You visited 1 branch of the dungeon, and saw 3 of its levels.

You collected 123 gold pieces.

Inventory:

Hand Weapons
 a - a +2 spear (weapon)
 o - a +1 hunting sling of velocity
Armour
 d - a +0 robe
 e - a +0 pair of gloves (worn)
 g - a +0 ring mail (worn)
 h - a scarf of repulsion (worn)
Jewellery
 r - a ring of flight (left hand)
Scrolls
 i - a scroll of enchant armour {unknown}
 l - a scroll of enchant weapon {unknown}
 p - a scroll of remove curse {unknown}
 q - 3 scrolls of identify {unknown}
 v - a scroll of recharging {unknown}
 x - a scroll of fear {unknown}
Potions
 j - 2 potions of lignification {unknown}
 k - a potion of mutation {unknown}
 n - a potion of might {unknown}
 t - 4 potions of brilliance {unknown}
 u - a potion of cancellation {unknown}
 w - a potion of heal wounds {unknown}
Books
 b - the Guide on the Arsonist

   Spells                             Type                      Level
   a - Flame Tongue                   Conjuration/Fire             1
   b - Conjure Flame                  Conjuration/Fire             3
 c - Vehumet's Compendium of Combat Magic

   Spells                             Type                      Level
   a - Magic Dart                     Conjuration                  1
   b - Mephitic Cloud                 Conjuration/Poison/Air       3
Comestibles
 f - 5 bread rations
 m - 3 meat rations
 s - 8 chunks of flesh


   Skills:
 + Level 1.5 Fighting
 + Level 3.5 Polearms
 + Level 0.5 Armour
 + Level 1.2 Dodging
   Level 1.0 Shields
 + Level 2.7 Spellcasting
   Level 2.0 Conjurations
   Level 1.0 Summonings
 + Level 1.0 Evocations


You had 8 spell levels left.
You didn't know any spells.

Dungeon Overview and Level Annotations

Branches:
Dungeon (3/15)

Altars:
Ru
Vehumet
The Shining One

Annotations:
D:3 Grinder


Innate Abilities, Weirdness & Mutations

You are mostly covered in yellow scales. (AC +3)
You are partially covered in sharp spines.


Message History

Pain shoots through your body!
* * * LOW HITPOINT WARNING * * *
You closely miss Grinder.
Grinder is lightly wounded.
Grinder closely misses you.
You barely miss Grinder.
Grinder is lightly wounded.
Grinder gestures at you. You resist with significant effort.
You hit Grinder.
Grinder is lightly wounded.
Grinder hits you but does no damage.
You barely miss Grinder.
Grinder is lightly wounded.
You barely miss Grinder.
Grinder is lightly wounded.
Grinder is struck by your spines. Grinder hits you!
* * * LOW HITPOINT WARNING * * *
You writhe in agony.
You die...

.........#.# # )... ...#
#.##.....#.# .... #..#
#.#....# #.# $.g.
#..####......###.#
##..####.............##.#
?.#...#..#..####>.....###.#
...........# ##.#...####.###
#.###......####..##.###...)[.
#......(..g5@..........)..###
##########.##(#.........###
#..........##### ######.#####
###


You could see Grinder and a goblin.

Vanquished Creatures
  6 adders
  An adder skeleton (D:3)
  2 worms (D:2)
  5 dart slugs
  A leopard gecko (D:2)
  3 giant cockroaches
  7 hobgoblins
  3 jackals (D:2)
  A quokka (D:2)
  6 bats
  4 frilled lizards
  5 goblins
  4 kobolds
  8 rats
56 creatures vanquished.

Notes
Turn   | Place    | Note
-------+----------+-------------------------------------------
     0 | D:1      | slep the Demonspawn Wanderer began the quest for the Orb.
     0 | D:1      | slep set off with: a +2 spear, the Guide on the Arsonist, Vehumet's Compendium of Combat Magic, a +0 robe, a bread ration
     0 | D:1      | Reached XP level 1. HP: 15/15 MP: 3/3
    89 | D:1      | Reached skill level 2 in Polearms
   115 | D:1      | Gained mutation: You are partially covered in yellow scales. (AC +2) [demonic ancestry]
   115 | D:1      | Reached XP level 2. HP: 8/21 MP: 3/5
   545 | D:2      | Gained mutation: You are partially covered in sharp spines. [demonic ancestry]
   545 | D:2      | Reached XP level 3. HP: 18/26 MP: 7/7
   639 | D:2      | Found a glowing golden altar of the Shining One.
   663 | D:2      | Found a radiant altar of Vehumet.
   781 | D:2      | Gained mutation: You are mostly covered in yellow scales. (AC +3) [demonic ancestry]
   781 | D:2      | Reached XP level 4. HP: 25/32 MP: 8/8
   813 | D:2      | Found a sacrificial altar of Ru.
   819 | D:2      | Reached skill level 3 in Polearms
  1129 | D:2      | Reached skill level 1 in Dodging
  1446 | D:3      | Noticed Grinder
  1455 | D:3      | Paralysed by Grinder for 3 turns
  1464 | D:3      | Slain by Grinder

Skill      XL: |  1  2  3  4 |
---------------+-------------+-----
Polearms       | 2 3 |  3.5
Dodging        | 1 |  1.2
Fighting       | |  1.5
Armour         | |  0.5
Shields        | |  1.0
Spellcasting   | |  2.7
Conjurations   | |  2.0
Summonings     | |  1.0
Evocations     | |  1.0

Action                   |  1- 3 |  4- 6 || total
-------------------------+-------+-------++-------
Melee: Spear             |   108 |    71 ||   179
  Eat: Chunk             |       |     2 ||     2
Armor: Robe              |     3 |       ||     3
       Ring mail         |    36 |    20 ||    56
Dodge: Dodged            |    42 |    24 ||    66
       Deflected         |     5 |     2 ||     7
